 Dungeon Crawl Stone Soup version 0.20.1-1-g8b1a95d (webtiles) character file.

1285 CephaliChill the Grappler (level 8, -3/63 HPs)
             Began as a Ghoul Monk on Nov 10, 2017.
             Was a Priest of Cheibriados.
             Killed from afar by a starcursed mass (11 damage)
             ... with an accursed screaming
             ... on level 1 of the Abyss.
             The game lasted 00:06:53 (4841 turns).

CephaliChill the Grappler (Ghoul Monk)              Turns: 4841, Time: 00:06:54

Health: -3/63      AC:  9    Str: 25    XL:     8   Next: 55%
Magic:  12/12      EV:  9    Int: 13    God:    Cheibriados [***...]
Gold:   28         SH:  0    Dex: 19    Spells: 7/7 levels left

rFire    . . .     SeeInvis .     - Unarmed
rCold    + . .     Gourm    .   (no shield)
rNeg     + + +     Faith    +   q - +0 chain mail {rPois}
rPois    ∞         Spirit   .   B - +0 helmet
rElec    .         Reflect  .   (no cloak)
rCorr    .         Harm     .   (no gloves)
MR       .....                  (no boots)
Stlth    ..........             p - amulet of faith
Regen    0.0/turn               E - ring of flight
MPRegen  0.2/turn               (no ring)

@: rotting, very slow
A: rotting body, claws 1, carnivore 3, cold resistance 1, negative energy
resistance 3, inhibited regeneration, torment resistance, unbreathing
a: Bend Time, Temporal Distortion, Renounce Religion, Evoke Flight


You were on level 1 of the Abyss.
You worshipped Cheibriados.
Cheibriados was most pleased with you.
You were not hungry.

You visited 1 branch of the dungeon, and saw 6 of its levels.
You visited the Abyss 1 time.

You collected 218 gold pieces.
You spent 190 gold pieces at shops.

Inventory:

Armour
 g - a +0 ring mail
 q - a +0 chain mail of poison resistance (worn)
 w - a +0 pair of gloves
 B - a +0 helmet (worn)
Jewellery
 p - an amulet of faith (around neck)
 E - a ring of flight (left claw)
Wands
 h - a wand of iceblast (4/15)
 o - a wand of confusion (34/48)
Scrolls
 a - 4 scrolls of identify {unknown}
 d - a scroll of random uselessness {unknown}
 e - a scroll of immolation {unknown}
 f - 3 scrolls of remove curse {unknown}
 s - a scroll of enchant armour {unknown}
 u - 2 scrolls of teleportation {unknown}
 y - a scroll of fear {unknown}
 z - a scroll of blinking {unknown}
 F - a scroll of magic mapping {unknown}
Potions
 i - 3 potions of lignification {unknown}
 j - 3 potions of flight {unknown}
 m - 4 potions of might
 n - a potion of cancellation {unknown}
 r - 3 potions of mutation {unknown}
 t - a potion of haste {unknown}
 v - 3 potions of ambrosia
 A - 2 potions of heal wounds {unknown}
 C - a potion of agility
 D - a potion of curing
Comestibles
 b - 4 meat rations
 c - 3 bread rations
 k - 11 fruits
 l - a royal jelly


   Skills:
 - Level 3.2 Fighting
 - Level 2.6 Dodging
 - Level 2.1 Stealth
 - Level 8.4 Unarmed Combat
 + Level 7.7 Invocations


You had 7 spell levels left.
You didn't know any spells.

Dungeon Overview and Level Annotations

Branches:
Dungeon (6/15)
 Temple: D:4-7

Altars:
Cheibriados
Fedhas
Kikubaaqudgha
Makhleb
Nemelex Xobeh
Uskayaw
Xom
The Shining One

Shops:
D:5 !


Innate Abilities, Weirdness & Mutations

Your body is rotting away.
You thrive on raw meat.
You are immune to poison.
You have sharp fingernails.
You are carnivorous and can eat meat at any time.
Your flesh is cold resistant. (rC+)
You are immune to negative energy. (rN+++)
You do not regenerate when monsters are visible.
You are immune to unholy pain and torment.
You can survive without breathing.


Message History

The smoke demon hits you but does no damage. x2
The smoke demon hits you.
* * * LOW HITPOINT WARNING * * *
Okay, then.
You can feel time thicken for a moment.
You kill the smoke demon!
Cheibriados appreciates the change of pace.
Your Invocations skill increases to level 7!
You feel somewhat more hungry.
You can no longer inflict damage on those overly hasty.
Cheibriados lowers the support of your attributes as your movement quickens.
You start resting.
A starcursed mass comes into view.
A starcursed mass splits. x2
The starcursed mass shrieks in your mind.
* * * LOW HITPOINT WARNING * * *
The starcursed mass moves out of view.
A starcursed mass splits.
A chorus of shrieks assaults your mind.
You die...

.......#.# #
.......#... # ..
.......# .. ..
.....?. . ..
###.#### #
##...#.# #
#......##
....##..#.### .
.#...@X...#.##.
.#.X##X.#.#. #
..##....####..#.
...#.#....# .#.#
# #.#.#.##. .# .
. ..#. .. # . .


You could see 3 starcursed masses.

Vanquished Creatures
  A smoke demon (Abyss:1)
  A hungry ghost (D:4)
  A sky beast (D:6)
  A centaur (D:5)
  A howler monkey (D:4)
  A jelly (D:5)
  3 crimson imps
  3 hounds
  2 orc priests (D:5)
  A bullfrog skeleton (D:4)
  An orc wizard (D:5)
  2 iguanas
  2 worker ants
  9 adders
  An adder zombie (D:5)
  An ooze (D:2)
  An adder skeleton (D:4)
  3 dart slugs
  3 leopard geckos
  9 orcs
  3 giant cockroaches
  8 goblins
  10 hobgoblins
  18 jackals
  2 quokkas (D:5)
  4 ball pythons
  7 bats
  4 frilled lizards
  A goblin skeleton (D:4)
  2 goblin zombies (D:4)
  A hobgoblin zombie (D:4)
  5 kobolds
  2 kobold zombies (D:4)
  An orc skeleton (D:4)
  5 rats
120 creatures vanquished.

Notes
Turn   | Place    | Note
-------+----------+-------------------------------------------
     0 | D:1      | CephaliChill the Ghoul Monk began the quest for the Orb.
     0 | D:1      | Reached XP level 1. HP: 19/19 MP: 0/0
   239 | D:1      | Reached XP level 2. HP: 13/26 MP: 1/1
   250 | D:1      | Reached skill level 4 in Unarmed Combat
   632 | D:1      | Reached XP level 3. HP: 26/31 MP: 2/2
  1209 | D:2      | Noticed an enchanted hand axe
  1209 | D:2      | Noticed a hand axe
  1213 | D:2      | Reached skill level 5 in Unarmed Combat
  1236 | D:2      | Found a hide-covered altar of Uskayaw.
  1369 | D:2      | Reached XP level 4. HP: 23/36 MP: 3/3
  2045 | D:3      | Reached skill level 6 in Unarmed Combat
  2148 | D:3      | Reached XP level 5. HP: 44/45 MP: 4/4
  2240 | D:3      | Found a snail-covered altar of Cheibriados.
  2261 | D:3      | Became a worshipper of Cheibriados the Contemplative
  2261 | D:3      | Reached * piety under Cheibriados
  2261 | D:3      | Reached ** piety under Cheibriados
  2484 | D:3      | Found a shimmering altar of Xom.
  2484 | D:3      | Found a burning altar of Makhleb.
  2487 | D:3      | Reached skill level 1 in Invocations
  2580 | D:4      | Found a glowing golden altar of the Shining One.
  2586 | D:4      | Reached XP level 6. HP: 51/51 MP: 6/6
  2644 | D:4      | Reached *** piety under Cheibriados
  2683 | D:4      | Reached skill level 7 in Unarmed Combat
  2705 | D:4      | Noticed a hungry ghost
  2713 | D:4      | Killed a hungry ghost
  2713 | D:4      | Reached XP level 7. HP: 53/57 MP: 8/8
  2772 | D:4      | Found an ancient bone altar of Kikubaaqudgha.
  3103 | D:5      | Entered Level 5 of the Dungeon
  3138 | D:5      | Found Atwegig's Distillery.
  3366 | D:5      | Reached **** piety under Cheibriados
  3494 | D:5      | Reached skill level 8 in Unarmed Combat
  3618 | D:5      | Found a blossoming altar of Fedhas.
  3856 | D:5      | Bought a potion of might for 40 gold pieces
  3856 | D:5      | Bought a potion of ambrosia for 80 gold pieces
  3856 | D:5      | Bought a potion of agility for 40 gold pieces
  3856 | D:5      | Bought a potion of curing for 30 gold pieces
  3935 | D:5      | Reached skill level 5 in Invocations
  4283 | D:5      | Reached XP level 8. HP: 55/63 MP: 9/11
  4424 | D:6      | Found a sparkling altar of Nemelex Xobeh.
  4719 | D:6      | Cast into level 1 of the Abyss (orc wizard)
  4782 | Abyss:1  | Noticed a smoke demon
  4792 | Abyss:1  | HP: 2/63 [smoke demon/divine providence (10)]
  4794 | Abyss:1  | Killed a smoke demon
  4839 | Abyss:1  | Noticed a starcursed mass
  4841 | Abyss:1  | Killed from afar by a starcursed mass

Skill      XL: |  1  2  3  4  5  6  7  8 |
---------------+-------------------------+-----
Unarmed Combat | 4 5 6 7 8 |  8.4
Invocations    | 2 3 5 7 |  7.7
Fighting       | |  3.2
Dodging        | |  2.6
Stealth        | |  2.1

Action                   |  1- 3 |  4- 6 |  7- 9 || total
-------------------------+-------+-------+-------++-------
Melee: Unarmed           |    93 |   149 |   110 ||   352
       Punch             |     1 |     2 |     5 ||     8
Invok: Slouch            |       |       |     2 ||     2
  Eat: Chunk             |     1 |     5 |     6 ||    12
Armor: Robe              |     1 |       |       ||     1
       Ring mail         |    24 |    22 |       ||    46
       Chain mail        |       |    62 |    59 ||   121
Dodge: Dodged            |    61 |    78 |    44 ||   183
